 Dungeon Crawl Stone Soup version 0.22-a0-166-g5351223 (webtiles) character file.

148 MatthieuS the Covert (level 5, 0/36 HPs)
             Began as a Deep Elf Wanderer on Feb 13, 2018.
             Was an Initiate of Makhleb.
             Succumbed to a worker ant's poison
             ... on level 4 of the Dungeon.
             The game lasted 00:05:38 (2202 turns).

MatthieuS the Covert (Deep Elf Wanderer)            Turns: 2202, Time: 00:05:39

Health: 0/36       AC:  8    Str:  8    XL:     5   Next: 8%
Magic:  11/11      EV:  4    Int: 19    God:    Makhleb [......]
Gold:   63         SH:  0    Dex: 14    Spells: 10/10 levels left

rFire    . . .     SeeInvis .   a - +2 spear
rCold    . . .     Gourm    .   (no shield)
rNeg     . . .     Faith    .   n - +0 chain mail
rPois    .         Spirit   .   (no helmet)
rElec    .         Reflect  .   (no cloak)
rCorr    .         Harm     .   (no gloves)
MR       .....                  (no boots)
Stlth    +.........             (no amulet)
HPRegen  0.12/turn              (no ring)
MPRegen  0.12/turn              (no ring)

@: lethally poisoned (0 -> -20)
A: no striking features
a: Renounce Religion


You were on level 4 of the Dungeon.
You worshipped Makhleb.
Makhleb was noncommittal.
You were not hungry.

You visited 1 branch of the dungeon, and saw 3 of its levels.

You collected 63 gold pieces.

Inventory:

Hand Weapons
 a - a +2 spear (weapon)
Missiles
 l - 16 arrows
Armour
 d - a +0 robe
 n - a +0 chain mail (worn)
Jewellery
 m - an uncursed ring of fire
Scrolls
 c - 2 scrolls of teleportation
 e - 2 scrolls of identify {unknown}
 g - a scroll of fog {unknown}
 j - 2 scrolls of enchant armour {unknown}
Books
 b - the Compendium of Enhancements

   Spells                             Type                      Level
   a - Swiftness                      Charms/Air                   2
   b - Shroud of Golubria             Charms/Translocation         2
Comestibles
 f - 3 rations
 h - a chunk of flesh


   Skills:
 + Level 6.2 Fighting
 - Level 1.0 Polearms
 - Level 1.0 Throwing
 + Level 7.4 Dodging
 + Level 8.4 Stealth
 - Level 3.3 Spellcasting
   Level 1.3 Hexes


You had 10 spell levels left.
You didn't know any spells.

Dungeon Overview and Level Annotations

Branches:
Dungeon (4/15)
 Temple: D:4-7

Altars:
Makhleb
Zin

Shops:
D:2 *


Message History

The worker ant bites you.
* * * LOW HITPOINT WARNING * * *
You hit the worker ant.
The worker ant is almost dead.
* * * LOW HITPOINT WARNING * * *
You feel sick. The worker ant bites you.
* * * LOW HITPOINT WARNING * * *
You are more poisoned.
The worker ant poisons you!
Your chain mail prevents you from hitting the worker ant.
The worker ant is almost dead.
* * * LOW HITPOINT WARNING * * *
You feel sick.
The worker ant bites you but does no damage.
Unknown command.
You hit the worker ant.
You kill the worker ant!
Makhleb accepts your kill.
You have reached level 5!
You die...

..>... ..... ##..#
##.... #... ..... #...
.##... #..##.##..
#..##.##.# #..##.##?#
#..##.##@#
######........#
#.............#
#.####.##.....########
...##.....<.......
#.####....#######.. #.
#...## # #...# #...#


There were no monsters in sight!

Vanquished Creatures
  A worker ant (D:4)
  An adder (D:2)
  A worm (D:2)
  3 dart slugs (D:1)
  3 giant cockroaches (D:1)
  6 goblins
  9 hobgoblins
  2 jackals (D:1)
  A ball python (D:1)
  3 bats
  5 frilled lizards
  3 kobolds
  3 rats
41 creatures vanquished.

Notes
Turn   | Place    | Note
-------+----------+-------------------------------------------
     0 | D:1      | MatthieuS the Deep Elf Wanderer began the quest for the Orb.
     0 | D:1      | MatthieuS set off with: a +2 spear, the Compendium of Enhancements, a scroll of teleportation, a +0 robe, a ration
     0 | D:1      | Reached XP level 1. HP: 14/14 MP: 6/6
     0 | D:1      | Identified the Compendium of Enhancements
   366 | D:1      | Reached XP level 2. HP: 9/19 MP: 8/8
   367 | D:1      | Reached skill level 1 in Dodging
   803 | D:1      | Reached skill level 2 in Stealth
  1101 | D:1      | Reached XP level 3. HP: 23/23 MP: 9/9
  1259 | D:2      | Found Zin's Purification Station.
  1267 | D:2      | Found a glowing silver altar of Zin.
  1355 | D:2      | Found a burning altar of Makhleb.
  1364 | D:2      | Became a worshipper of Makhleb the Destroyer
  2167 | D:2      | You fall through a shaft for 2 floors!
  2191 | D:4      | Reached skill level 8 in Stealth
  2191 | D:4      | Reached XP level 4. HP: 32/32 MP: 10/10
  2201 | D:4      | HP: 1/32 [poisoned by a worker ant]
  2202 | D:4      | Reached XP level 5. HP: 1/36 MP: 11/11
  2202 | D:4      | Succumbed to a worker ant's poison

Vault maps used:
D:1:      nzn_arrival_crosshair, minivault_19
D:2:      nicolae_overflow_crystal_walls, zin_purify
D:4:      led_xom_imps, ashenzari_conservatory_becter, first_ration

Skill      XL: |  1  2  3 |
---------------+----------+-----
Dodging        | 1 7 |  7.4
Stealth        | 2 8 |  8.4
Fighting       | 6 |  6.2
Polearms       | |  1.0
Throwing       | |  1.0
Spellcasting   | |  3.3
Hexes          | |  1.3

Action                   |  1- 3 |  4- 6 || total
-------------------------+-------+-------++-------
Melee: Spear             |   162 |    11 ||   173
  Use: Potion            |     3 |       ||     3
 Stab: Sleeping          |     7 |       ||     7
  Eat: Chunk             |     4 |       ||     4
Armor: Robe              |    13 |       ||    13
       Chain mail        |    36 |     4 ||    40
Dodge: Dodged            |    47 |     1 ||    48

Table legend:
 A = Spawn XP
 B = Non-spawn XP
 C = Spawn XP percentage of total XP
 D = Spawn monster count
 E = Non-spawn monster count
 F = Spawn count percentage of total count
 G = Total turns spent on level
                    A         B        C        D         E        F      G
               +---------+---------+-------+---------+---------+-------+---------
         Total |       0 |     120 |   0.0 |       0 |      41 |   0.0 |  2202
               +---------+---------+-------+---------+---------+-------+---------
           D:1 |       0 |      44 |   0.0 |       0 |      23 |   0.0 |  1227
           D:2 |       0 |      42 |   0.0 |       0 |      16 |   0.0 |   940
           D:4 |       0 |      34 |   0.0 |       0 |       2 |   0.0 |    35
               +---------+---------+-------+---------+---------+-------+---------
